[Event "Team 45 45 League T44"]
[Site "Internet Chess Club"]
[Date "2010.03.07"]
[Round "5"]
[White "ilknight"]
[Black "bajerk"]
[Result "0-1"]
[WhiteElo "1352"]
[BlackElo "1279"]
[Opening "King's knight opening"]
[ECO "C40"]
[Time "13:00:12"]
[TimeControl "2700+45"]

1. e4 e5 2. Nf3 Bd6 3. d4 exd4 4. Nxd4 h6 5. Nc3 Bc5 6. Be3 Nf6 7. Bc4 O-O 8.
O-O a6 9. Qd2 Ng4 10. h3 Nxe3 11. Qxe3 d6 12. Qd2 Bd7 13. Nb3 Ba7 14. Rad1 Nc6
15. Bd5 Nb4 16. Bxb7 Rb8 17. Nd5 Rxb7 18. Nxb4 a5 19. Nxa5 Rb8 20. Nac6 Bxc6 21.
Nxc6 Qe8 22. Nxb8 Qxb8 23. b3 Re8 24. Rfe1 Bb6 25. Kh1 Qa7 26. f3 Qxa2 27. Qc1
Qa5 28. Qa1 Qg5 29. Rd5 Qg3 30. Rf1 Re6 31. Qe1 Qf4 32. Rf5 Qxf5 33. exf5 Rxe1
34. Rxe1 Bd4 35. Re4 Be5 36. Rc4 c5 37. b4 cxb4 38. Rxb4 g6 39. fxg6 fxg6 40.
Rb5 Kf7 41. c4 Ke6 42. c5 d5 43. c6 Bc7 44. Rb7 Kd6 45. Rxc7 Kxc7 46. Kg1 Kxc6
47. Kf2 Kc5 48. Ke2 Kc4 49. Kd1 Kc3 50. g4 g5 51. Kc1 Kd3 52. Kd1 Ke3 53. Kc2
Kxf3 54. Kc3 Ke4 55. Kd2 d4 56. Ke2 d3+ 57. Kd2 Kd4 58. Kd1 Ke3 59. Ke1 Kf3 60.
Kd2 Kg3 61. Kxd3 Kxh3 62. Ke4 Kxg4 63. Ke3 Kg3 64. Ke2 g4 65. Kf1 h5 66. Kg1 h4
67. Kh1 h3 68. Kg1 Kf3 69. Kf1 g3 70. Kg1 g2 71. Kh2 Kf2 72. Kxh3 g1=Q 73. Kh4
Kf3 {White resigns} 0-1

[Event "Team 45 45 League T44"]
[Site "Internet Chess Club"]
[Date "2010.03.07"]
[Round "5"]
[White "damnwrite"]
[Black "JimGaming"]
[Result "0-1"]
[WhiteElo "1181"]
[BlackElo "1280"]
[Opening "Sicilian: Hungarian variation"]
[ECO "B27"]
[Time "19:01:55"]
[TimeControl "2700+45"]

1. e4 c5 2. Nf3 g6 3. d4 cxd4 4. Qxd4 Nf6 5. e5 Nc6 6. Qc4 d5 7. exd6 Qxd6 8.
Bf4 Qb4+ 9. Qxb4 Nxb4 10. Na3 Bg7 11. Bb5+ Bd7 12. Bxd7+ Nxd7 13. c3 Nd3+ 14.
Ke2 Nxf4+ 15. Ke3 Bh6 16. g3 Nh3+ 17. Ke2 Nf6 18. Ne5 Rd8 19. Rad1 O-O 20. f4
Ne4 21. Rxd8 Rxd8 22. Ng4 Bg7 23. Nc4 f5 24. Nge3 Nhf2 25. Re1 Nd3 26. Rb1 h5
27. Kf3 e5 28. b4 exf4 29. gxf4 Bxc3 30. b5 Nd2+ 31. Nxd2 Bxd2 32. Ng2 Rd6 33.
h4 Re6 34. Rd1 Ne1+ 35. Nxe1 Bxe1 36. Rd7 Rb6 37. a4 Kf8 38. Ke3 Ke8 39. Rg7
Bxh4 40. Kd4 Bf6+ {White resigns} 0-1

[Event "Team 45 45 League T44"]
[Site "Internet Chess Club"]
[Date "2010.03.06"]
[Round "5"]
[White "stillday"]
[Black "NewfieKnight"]
[Result "1-0"]
[WhiteElo "1268"]
[BlackElo "1138"]
[Opening "Ruy Lopez (Spanish opening)"]
[ECO "C60"]
[Time "18:00:42"]
[TimeControl "2700+45"]

1. e4 e5 2. Nf3 Nc6 3. Bb5 Qf6 4. Nc3 a6 5. Ba4 Bc5 6. Nd5 Qd6 7. c3 Nf6 8. d4
Nxd5 9. dxc5 Qxc5 10. Qxd5 Qe7 11. Bg5 f6 12. Be3 Nb8 13. O-O c6 14. Qd3 d5 15.
Nd2 b5 16. Bb3 O-O 17. exd5 Rd8 18. d6+ Be6 19. dxe7 Re8 20. Bxe6+ Kh8 {Black
resigns} 1-0

[Event "Team 45 45 League T44"]
[Site "Internet Chess Club"]
[Date "2010.03.07"]
[Round "5"]
[White "theartist"]
[Black "MeansToAnEnd"]
[Result "1-0"]
[WhiteElo "1210"]
[BlackElo "1137"]
[Opening "QGD Slav: 4.Nc3"]
[ECO "D15"]
[Time "09:01:30"]
[TimeControl "2700+45"]

1. d4 d5 2. c4 c6 3. Nc3 Nf6 4. Nf3 Bf5 5. e3 e6 6. Bd3 Bxd3 7. Qxd3 Be7 8. O-O
O-O 9. a3 b6 10. b4 c5 11. cxd5 exd5 12. bxc5 bxc5 13. dxc5 Bxc5 14. Rd1 Qb6 15.
Nxd5 Nxd5 16. Qxd5 Rd8 17. Qxd8+ Qxd8 18. Rxd8+ Bf8 19. a4 {Black resigns} 1-0

[Event "Team 45 45 League T44"]
[Site "Internet Chess Club"]
[Date "2010.03.07"]
[Round "5"]
[White "AVEMARIA"]
[Black "noblitz-oblige"]
[Result "0-1"]
[WhiteElo "1738"]
[BlackElo "1704"]
[Opening "Scotch game"]
[ECO "C45"]
[Time "20:01:08"]
[TimeControl "2700+45"]

1. e4 e5 2. Nf3 Nc6 3. d4 exd4 4. Nxd4 Bc5 5. Nxc6 bxc6 6. Nc3 Ne7 7. Bc4 d5 8.
exd5 Nxd5 9. Nxd5 Bxf2+ 10. Kf1 O-O 11. Qf3 Qh4 12. Nf4 Bc5 13. g3 Bh3+ 14. Ke1
Qe7+ 15. Be2 Bf5 16. Nd5 Qe5 17. Nc3 Bxc2 18. Bf4 Qd4 19. Rc1 Bg6 20. Rd1 Qb4
21. Rd2 Rad8 22. a3 Qb3 23. Bd1 Rfe8+ 24. Re2 Qxb2 25. Rxe8+ Rxe8+ 26. Kf1 Bh5
27. Qxh5 Qf2# {White checkmated} 0-1

[Event "Team 45 45 League T44"]
[Site "Internet Chess Club"]
[Date "2010.03.04"]
[Round "5"]
[White "RD1974"]
[Black "ElMarginal"]
[Result "1-0"]
[WhiteElo "1729"]
[BlackElo "1571"]
[Opening "Scandinavian (center counter) defense"]
[ECO "B01"]
[Time "19:00:16"]
[TimeControl "2700+45"]

1. e4 d5 2. exd5 Qxd5 3. Nc3 Qa5 4. Bc4 Nf6 5. d3 Bg4 6. f3 Bd7 7. Bd2 c6 8. Nd5
Qd8 9. Nxf6+ exf6 10. Qe2+ Qe7 11. O-O-O Qxe2 12. Nxe2 Be6 13. Bxe6 fxe6 14. Nd4
Kf7 15. Rde1 e5 16. Nf5 Nd7 17. f4 g6 18. Nh4 exf4 19. Rhf1 g5 20. Nf5 Ne5 21.
Bc3 Kg6 22. Nd4 Ng4 23. h3 Ne3 24. Rg1 Re8 25. g3 Bd6 26. gxf4 Bxf4 27. Ne2 Ng2+
28. Nxf4+ Nxf4 29. Rh1 Rxe1+ 30. Rxe1 Nxh3 31. Re7 Rb8 32. Re6 Rf8 33. Re7 Rf7
34. Re8 Nf4 35. Bd4 a6 36. Rg8+ Kf5 37. Re8 h5 38. Kd2 h4 39. Ke1 Nd5 40. Bc5 g4
41. Kf2 Nf4 42. Rh8 h3 43. a4 Rg7 44. Kg3 Nd5 45. a5 Kg5 46. c4 Nf4 47. Be3 f5
48. Bxf4+ Kg6 49. Rh6+ Kf7 50. Be5 Rg8 51. Rf6+ Ke7 52. Rxf5 Rg6 53. Bf4 Ke6 54.
Rh5 Rg7 55. Rh6+ Kf5 56. Rh5+ Ke6 57. Re5+ Kf6 58. d4 Rh7 59. Kh2 Rd7 60. Bg5+
Kg6 61. Be3 Rh7 62. Rg5+ Kf6 63. Rxg4 Kf5 64. Rf4+ {Black resigns} 1-0

[Event "Team 45 45 League T44"]
[Site "Internet Chess Club"]
[Date "2010.03.08"]
[Round "5"]
[White "GadsHill"]
[Black "Dr-Checkmate"]
[Result "1-0"]
[WhiteElo "1539"]
[BlackElo "1538"]
[Opening "Dutch with c4 & Nc3"]
[ECO "A85"]
[Time "20:01:10"]
[TimeControl "2700+45"]

1. d4 f5 2. c4 Nf6 3. Nc3 e6 4. g3 d5 5. Bg2 c6 6. cxd5 cxd5 7. Nh3 Bd6 8. Nf4
Nc6 9. O-O a6 10. b3 O-O 11. e3 e5 12. dxe5 Bxe5 13. Bb2 d4 14. Ncd5 Bxf4 15.
Nxf6+ Qxf6 16. exf4 Rd8 17. Rc1 Qd6 18. Qd3 Be6 19. a3 Rac8 20. Rfd1 Rd7 21. Rd2
Rcd8 22. Rcd1 Bd5 23. Qxf5 Bxb3 24. Bxc6 Qxc6 25. Rc1 Qf3 26. Qd3 Bd5 27. Qxf3
Bxf3 28. Rc4 d3 29. Be5 Be2 30. Kg2 b5 31. Rc3 a5 32. f3 b4 33. axb4 axb4 34.
Rb3 Rc8 35. Kf2 Rc1 36. Rxb4 Rf1+ 37. Kg2 Rxf3 38. Rb1 Rd5 39. Rxe2 Rxg3+ 40.
hxg3 dxe2 41. Kf2 Rd2 42. Re1 Ra2 43. Rxe2 Rxe2+ 44. Kxe2 g6 45. Kf3 Kf7 46. Kg4
Ke6 47. Kg5 Kf7 48. Kh6 Ke6 49. Kxh7 Kf5 50. Kh6 {Black resigns} 1-0

[Event "Team 45 45 League T44"]
[Site "Internet Chess Club"]
[Date "2010.03.05"]
[Round "5"]
[White "fishhead"]
[Black "rayonline53"]
[Result "1-0"]
[WhiteElo "1864"]
[BlackElo "1510"]
[Opening "Pirc defense"]
[ECO "B07"]
[Time "18:00:21"]
[TimeControl "2700+45"]

1. e4 d6 2. d4 Nf6 3. Bd3 g6 4. Nf3 Bg7 5. h3 O-O 6. Bf4 Nbd7 7. O-O c6 8. c4 b6
9. Nc3 Bb7 10. Qd2 Ne8 11. Bh6 Qc7 12. Bxg7 Kxg7 13. Nh2 e5 14. Bc2 c5 15. d5
Rd8 16. Ng4 Kh8 17. f4 Ng7 18. f5 gxf5 19. exf5 f6 20. Qh6 Rf7 21. Ne4 Rdf8 22.
Ba4 Ne8 23. Rf3 Ba6 24. Rc1 Qb8 25. Bxd7 Rxd7 26. Qxf8# {Black checkmated} 1-0

[Event "Team 45 45 League T44"]
[Site "Internet Chess Club"]
[Date "2010.03.06"]
[Round "5"]
[White "nursey"]
[Black "isolani"]
[Result "1-0"]
[WhiteElo "1600"]
[BlackElo "1553"]
[Opening "Old Indian defense"]
[ECO "E67"]
[Time "16:01:34"]
[TimeControl "2700+45"]

1. d4 Nf6 2. c4 d6 3. Nf3 g6 4. g3 Bg7 5. Bg2 O-O 6. O-O Nbd7 7. Nc3 c6 8. Bg5
h6 9. Bf4 Nh5 10. Bd2 e5 11. Ne4 d5 12. cxd5 cxd5 13. Nc3 e4 14. Ne5 Nxe5 15.
dxe5 f5 16. Qb3 Be6 17. Qxb7 Bxe5 18. Bxh6 Ng7 19. Rac1 Rf7 20. Qa6 Qf6 21. Rfd1
d4 22. f4 exf3 23. Bxf3 Rd8 24. Qd3 Kh7 25. Bf4 Bxf4 26. gxf4 Rfd7 27. Nb5 Qe7
28. Bc6 Nh5 29. Bxd7 Rxd7 30. Qf3 Bd5 31. Qh3 Kg7 32. Rxd4 Qxe2 33. Rc5 Nf6 34.
Nc3 Qe1+ 35. Qf1 Qe3+ 36. Qf2 Qc1+ 37. Rd1 Qxd1+ 38. Nxd1 Ne4 39. Qd4+ Nf6
{Black resigns} 1-0

[Event "Team 45 45 League T44"]
[Site "Internet Chess Club"]
[Date "2010.03.07"]
[Round "5"]
[White "arconia"]
[Black "CheeryCherry"]
[Result "0-1"]
[WhiteElo "1345"]
[BlackElo "1684"]
[Opening "Inverted Hungarian"]
[ECO "C44"]
[Time "18:30:28"]
[TimeControl "2700+45"]

1. e4 e5 2. Nf3 Nc6 3. Be2 Nf6 4. d3 Bb4+ 5. Nbd2 d6 6. O-O O-O 7. c3 Ba5 8. h3
d5 9. Nh2 h6 10. f4 Bb6+ 11. Kh1 exf4 12. Rxf4 Qd6 13. Rf1 Re8 14. exd5 Nxd5 15.
Ne4 Qe5 16. Ng4 Bxg4 17. Bxg4 Nce7 18. Qf3 Rf8 19. d4 Bxd4 20. cxd4 Qxd4 21. a4
f5 22. Qe2 fxg4 23. Rxf8+ Rxf8 24. Ra3 gxh3 25. Rg3 hxg2+ 26. Qxg2 Qd1+ 27. Kh2
Nf5 28. Nf2 Qxc1 29. Qxd5+ Kh8 30. Rf3 Qg5 31. Nh3 c6 32. Qc5 Qf6 33. Qf2 Qe5+
34. Kg2 Qe4 35. Nf4 Nd4 36. Qg3 Qxf3+ 37. Qxf3 Nxf3 38. Ng6+ Kg8 39. Nxf8 Kxf8
40. Kxf3 Kf7 41. Kf4 Kf6 42. b4 g5+ 43. Ke4 Ke6 44. b5 cxb5 45. axb5 a6 46. b6
a5 47. Kd4 {White resigns} 0-1

[Event "Team 45 45 League T44"]
[Site "Internet Chess Club"]
[Date "2010.03.06"]
[Round "5"]
[White "oldprez"]
[Black "carambola"]
[Result "0-1"]
[WhiteElo "1411"]
[BlackElo "1323"]
[Opening "Caro-Kann: exchange variation"]
[ECO "B13"]
[Time "12:00:15"]
[TimeControl "2700+45"]

1. e4 c6 2. d4 d5 3. exd5 Nf6 4. dxc6 Nxc6 5. Nf3 Bg4 6. c3 e6 7. h3 Bh5 8. Be2
a6 9. Bg5 Be7 10. O-O Qc7 11. Nbd2 h6 12. Bh4 b5 13. Bg3 Bd6 14. Bxd6 Qxd6 15.
Qe1 Bg6 16. Nh4 Bh7 17. Bf3 O-O 18. Ne4 Bxe4 19. Bxe4 Rad8 20. Bd3 Nxd4 21. cxd4
Qxd4 22. Ng6 fxg6 23. Bxg6 Qxb2 24. Qxe6+ Kh8 25. Qxa6 Nd5 26. Rfd1 Qxf2+ 27.
Kh2 Nf4 28. Be4 Rxd1 29. Rxd1 Qe2 30. Bf3 Qc2 31. Qd6 Ng6 32. Rd2 Qf5 33. Rd5
Qc2 34. Rxb5 Rxf3 35. Rb8+ Kh7 36. Qd5 Qc7+ 37. Kh1 Rf1# {White checkmated} 0-1

[Event "Team 45 45 League T44"]
[Site "Internet Chess Club"]
[Date "2010.03.07"]
[Round "5"]
[White "CoasterBrake"]
[Black "dabodhi"]
[Result "1/2-1/2"]
[WhiteElo "1271"]
[BlackElo "1281"]
[Opening "English: Carls' Bremen system"]
[ECO "A22"]
[Time "15:03:32"]
[TimeControl "2700+45"]

1. c4 Nf6 2. g3 e5 3. Nc3 d6 4. Bg2 c6 5. Nf3 Be6 6. d3 Qd7 7. Ng5 Bf5 8. e4 Bg4
9. f3 h6 10. fxg4 hxg5 11. h3 Nh7 12. Qf3 Na6 13. h4 Nf6 14. Qf5 Nc5 15. Qxd7+
Nfxd7 16. Bf1 Be7 17. Be3 O-O-O 18. O-O-O gxh4 19. Bh3 Nb6 20. g5+ Kc7 21. Bg2
a5 22. gxh4 Ra8 23. Bxc5 dxc5 24. Kc2 a4 25. a3 Nd7 26. Bf3 Ra5 27. Bg4 Nb8 28.
Rb1 Na6 29. Ra1 b5 30. cxb5 cxb5 31. Nd5+ Kd6 32. Nxe7 Kxe7 33. h5 b4 34. b3
bxa3 35. Rxa3 Nb4+ 36. Kc3 Rha8 37. h6 axb3 38. Rxb3 Na2+ 39. Kd2 c4 40. Rb7+
Kd6 41. h7 Rh8 42. Rxf7 c3+ 43. Kc2 Rb5 44. Rd7+ Kc6 45. Rb1 Rxh7 46. Rxb5 Kxb5
47. Kb3 Rh2 48. Rd5+ Kb6 49. Rd6+ Kb5 50. Rd5+ Kb6 51. Rd6+ Kc5 52. Rd5+ Kb6 53.
Rd6+ Kc7 54. Rd7+ Kb6 55. Rd6+ {Game drawn by repetition} 1/2-1/2

[Event "Team 45 45 League T44"]
[Site "Internet Chess Club"]
[Date "2010.03.06"]
[Round "5"]
[White "Tamarin"]
[Black "otib2006"]
[Result "1/2-1/2"]
[WhiteElo "1575"]
[BlackElo "1268"]
[Opening "King's Indian defense, 3.Nc3"]
[ECO "E61"]
[Time "04:30:23"]
[TimeControl "2700+45"]

1. d4 Nf6 2. c4 g6 3. Nc3 Bg7 4. Nf3 O-O 5. e3 d6 6. Bd3 Bg4 7. h3 Be6 8. d5 Bc8
9. O-O Na6 10. e4 Nc5 11. Rb1 Nh5 12. Re1 Bxc3 13. bxc3 Nf6 14. e5 dxe5 15. Nxe5
Nxd3 16. Qxd3 Bf5 17. Qg3 Bxb1 18. Bh6 Nh5 19. Qf3 Ng7 20. Rxb1 f6 21. Ng4 Qd6
22. Rxb7 Rab8 23. Rb3 Rxb3 24. axb3 Rf7 25. Bf4 Qd7 26. Nh6+ Kf8 27. Nxf7 Kxf7
28. Be3 a5 29. Bd4 Nf5 30. Qg4 h5 31. Qd1 Qd6 32. Qa1 Nxd4 33. cxd4 Qb4 34. Qa4
Qc3 35. c5 Qe1+ 36. Kh2 Qxf2 37. Qxa5 Qf4+ 38. Kg1 Qxd4+ 39. Kf1 Qd1+ 40. Kf2
Qxd5 41. Qxc7 Qxb3 42. c6 Qc2+ 43. Kg1 Qc5+ 44. Kh2 Ke6 45. Qd7+ Kf7 46. Kh1
Qc1+ 47. Kh2 Qf4+ 48. Kg1 Qc1+ 49. Kf2 Qc2+ 50. Ke3 Qc1+ 51. Kd4 Qb2+ 52. Kc5
Qc3+ 53. Kb6 Qb4+ 54. Ka7 Qa5+ 55. Kb8 Qb5+ 56. Qb7 Qe5+ 57. c7 Ke6 58. Qc6+ Kf7
59. Kb7 Qb2+ 60. Ka7 Qa2+ 61. Kb8 Qb2+ 62. Qb7 Qe5 63. Ka8 Qa1+ 64. Qa7 Qc1 65.
Kb8 Qb2+ 66. Qb7 Qe5 67. Ka7 Qa1+ 68. Kb6 Qb2+ 69. Kc6 Qxg2+ 70. Kb6 Qb2+ 71.
Ka7 Qa1+ 72. Qa6 Qg1+ 73. Kb7 Qb1+ 74. Qb6 Qh1+ 75. Kb8 Qh2 76. Qb3+ Ke8 77.
Qg8+ Kd7 78. Qc8+ Kc6 79. Qa6+ Kd7 80. Qb5+ Ke6 81. Qc4+ Kd7 82. Qd5+ Ke8 83.
Qg8+ Kd7 84. Qd8+ Kc6 85. Qe8+ Kb6 86. Qxe7 Qg3 87. Qxf6+ Kc5 {Game drawn by
mutual agreement} 1/2-1/2

[Event "Team 45 45 League T44"]
[Site "Internet Chess Club"]
[Date "2010.03.05"]
[Round "5"]
[White "RayF"]
[Black "rgadoury"]
[Result "1-0"]
[WhiteElo "1316"]
[BlackElo "1254"]
[Opening "Benkö gambit: 7.e4"]
[ECO "A59"]
[Time "21:00:59"]
[TimeControl "2700+45"]

1. d4 Nf6 2. c4 c5 3. d5 b5 4. cxb5 a6 5. bxa6 Bxa6 6. Nc3 d6 7. e4 g6 8. Bxa6
Rxa6 9. Nf3 Nbd7 10. O-O Bg7 11. a4 O-O 12. Bg5 Ng4 13. h3 Nge5 14. Nxe5 Nxe5
15. f4 Nc4 16. Qe2 Bd4+ 17. Kh1 Ne3 18. Qxa6 Nxf1 19. Rxf1 f6 20. Bh4 Qb8 21.
Qb5 Qxb5 22. axb5 Rb8 23. Rb1 Ra8 24. Be1 h6 25. Ne2 Be3 26. g3 Rb8 27. Nc3 Bd4
28. Kg2 f5 29. exf5 gxf5 30. Kf3 Kf7 31. Bf2 Bxf2 32. Kxf2 e6 33. dxe6+ Kxe6 34.
Re1+ Kd7 35. Ra1 d5 36. Nxd5 Rxb5 37. Ra2 Kd6 38. Nc3 Rb6 39. Kf3 h5 40. g4
fxg4+ 41. hxg4 hxg4+ 42. Kxg4 Ke6 43. Na4 Rc6 44. Kg5 Kf7 45. f5 c4 46. Nc3 Rc5
47. Ra7+ Ke8 48. Kg6 Rc6+ 49. Kg7 Rb6 50. Na4 Rb3 51. f6 Rg3+ 52. Kh6 Rh3+ 53.
Kg5 Rg3+ 54. Kf4 Rg6 55. Kf5 Rh6 56. Ke6 Kd8 57. Ra8+ Kc7 58. Ke7 Rh7+ 59. f7
Kc6 60. Ke8 Rh4 61. f8=Q Re4+ 62. Qe7 Rxe7+ 63. Kxe7 Kb5 64. Nc3+ Kb4 65. Rb8+
Kc5 66. Rb5+ Kd4 67. Rd5+ Ke3 68. Kd6 {Black resigns} 1-0

[Event "Team 45 45 League T44"]
[Site "Internet Chess Club"]
[Date "2010.03.06"]
[Round "5"]
[White "aapt"]
[Black "hcarstens"]
[Result "1-0"]
[WhiteElo "1443"]
[BlackElo "1235"]
[Opening "French: advance variation"]
[ECO "C02"]
[Time "15:00:15"]
[TimeControl "2700+45"]

1. e4 e6 2. d4 d5 3. e5 c5 4. c3 Nc6 5. Bb5 Bd7 6. Bxc6 Bxc6 7. Nf3 Bb5 8. a4
Ba6 9. Bd2 Qb6 10. Na3 Ne7 11. Rb1 Nf5 12. Nb5 Bxb5 13. axb5 Qxb5 14. c4 Qxc4
15. Ra1 Nxd4 16. Nxd4 Qxd4 17. O-O Be7 18. Ra4 Qxe5 19. Bc3 Qd6 20. b4 c4 21. b5
Bf6 22. Bb4 Qb6 23. Ra5 a6 24. Qa4 Kd8 25. Qa3 Bd4 26. Bf8 Rxf8 27. Qxf8+ Kc7
28. Qxa8 Qxa5 29. Rb1 Bb6 30. Qf8 axb5 31. Qe7+ Kb8 32. Qe8+ Ka7 33. h3 Ka6 34.
Qxf7 b4 35. Qxe6 c3 36. Qe2+ Ka7 37. Qf1 c2 38. Ra1 b3 39. Rxa5+ Bxa5 40. Qa1
Kb6 41. Qb2 d4 42. Qxb3+ Ka6 43. Qxc2 Bc3 44. Kf1 b5 45. Ke2 b4 46. Qd3+ Ka5 47.
Qc4 Ka4 48. Qa2+ Kb5 49. Qb3 Kc5 50. Kd3 Kd6 51. g4 Ke5 52. Qc2 Kf4 53. Qc1+ Ke5
54. f4+ Kf6 55. Qc2 g6 56. h4 h6 57. Kc4 g5 58. Qf5+ Ke7 59. fxg5 hxg5 60. hxg5
Kd6 61. g6 Kc6 62. g7 d3 63. Qxd3 {Black resigns} 1-0

[Event "Team 45 45 League T44"]
[Site "Internet Chess Club"]
[Date "2010.03.05"]
[Round "5"]
[White "Traho"]
[Black "carambola"]
[Result "1-0"]
[WhiteElo "1310"]
[BlackElo "1301"]
[Opening "Caro-Kann defense"]
[ECO "B12"]
[Time "18:00:31"]
[TimeControl "2700+45"]

1. e4 c6 2. d4 g6 3. Nf3 d6 4. e5 Bg4 5. h3 Bf5 6. exd6 Qxd6 7. c3 Bg7 8. Bd3
Be6 9. O-O Nf6 10. Ng5 Bc8 11. Qd2 b5 12. Qf4 Qxf4 13. Bxf4 Nd5 14. Bg3 a6 15.
Ne4 h6 16. Nbd2 Bf5 17. Rfe1 O-O 18. Nb3 Nd7 19. a4 N7b6 20. Nbc5 e6 21. f3 h5
22. Nd6 Bxd3 23. Nxd3 Bh6 24. axb5 cxb5 25. f4 Nc4 26. Ne4 Bg7 27. Bf2 Rfe8 28.
b3 f5 29. Ng5 Nd2 30. Nxe6 Bf6 31. Ndc5 h4 32. Rxa6 Rab8 33. Rd6 Nxc3 34. Nc7
Rxe1+ 35. Bxe1 Ne2+ 36. Kh2 Bxd4 37. Rxg6+ Kf7 38. Rc6 Nf1+ 39. Kh1 Rd8 40. N7e6
Rd5 41. Rc7+ Kg6 42. Nf8+ Kf6 43. Nfd7+ Kg6 44. Rc6+ Kf7 45. Bxh4 Be3 46. Ne5+
Kg7 47. Rg6+ Kh7 48. Ne6 Rd1 49. Ng5+ Kh8 50. Nef7# {Black checkmated} 1-0

[Event "Team 45 45 League T44"]
[Site "Internet Chess Club"]
[Date "2010.03.06"]
[Round "5"]
[White "GiulioCre"]
[Black "WzeroMN"]
[Result "1-0"]
[WhiteElo "1270"]
[BlackElo "1188"]
[Opening "Queen's pawn game"]
[ECO "D05"]
[Time "15:41:07"]
[TimeControl "2700+45"]

1. d4 Nf6 2. Nf3 e6 3. e3 d5 4. Bd3 Bb4+ 5. c3 Ba5 6. a4 O-O 7. b4 Bxb4 8. cxb4
Nc6 9. Ba3 Re8 10. Nbd2 e5 11. dxe5 Nxe5 12. Be2 Nxf3+ 13. Nxf3 Bg4 14. O-O Ne4
15. Bb2 Bxf3 16. Qd4 Nf6 17. Bxf3 c6 18. b5 Re7 19. bxc6 bxc6 20. Rfc1 Qe8 21.
Rc2 Rc8 22. Rac1 Qd7 23. e4 dxe4 24. Bxe4 Qxd4 25. Bxd4 Nxe4 26. Rxc6 Rxc6 27.
Rxc6 Kf8 28. Rc8+ Re8 29. Rxe8+ Kxe8 30. Bxa7 g6 31. a5 Kd8 32. f3 Nc3 33. a6
Kc7 34. Be3 Kb8 35. Kf1 Nd5 36. Bc5 Ka8 37. Kf2 Nc7 38. a7 Nb5 39. Kg3 Nxa7 40.
Bxa7 Kxa7 41. Kf4 Kb7 42. Ke5 Kc7 43. Kf6 Kd6 44. Kxf7 Ke5 45. Kg7 Kf4 46. Kxh7
g5 47. Kh6 g4 48. h4 gxf3 49. gxf3 Kxf3 50. h5 Kf4 51. Kg7 Kg5 52. h6 Kf5 53. h7
Ke4 54. h8=Q Kd5 55. Qh6 Kd4 56. Qh5 Ke4 57. Kf6 Kd4 58. Qe5+ Kc4 59. Ke6 Kb4
60. Kd6 Kb3 61. Kc5 Ka2 62. Kb4 Kb1 63. Kb3 Kc1 64. Qe1# {Black checkmated} 1-0

[Event "Team 45 45 League T44"]
[Site "Internet Chess Club"]
[Date "2010.03.06"]
[Round "5"]
[White "BosqueVerde"]
[Black "dxf"]
[Result "1-0"]
[WhiteElo "1139"]
[BlackElo "1226"]
[Opening "King's Indian defense, 3.Nc3"]
[ECO "E61"]
[Time "12:03:03"]
[TimeControl "2700+45"]

1. d4 Nf6 2. c4 g6 3. Nc3 Bg7 4. Nf3 O-O 5. Bg5 d6 6. Qc2 Bf5 7. e4 Bg4 8. Be2
c5 9. dxc5 Bxf3 10. Bxf3 Nc6 11. cxd6 Qxd6 12. Rd1 Qe5 13. Be3 Rad8 14. O-O Nd4
15. Bxd4 Rxd4 16. b3 Rxd1 17. Rxd1 Qf4 18. Nd5 Qe5 19. a4 e6 20. Nxf6+ Bxf6 21.
g3 Bd8 22. Rd7 Bb6 23. Rxb7 Qa1+ 24. Kg2 Qd4 25. b4 Rc8 26. Be2 Qxf2+ 27. Kh3 g5
28. c5 Bc7 29. Qd3 Be5 30. Qf3 Qxf3 31. Bxf3 Rc7 32. Rxc7 Bxc7 33. b5 Ba5 34. c6
Kg7 35. g4 Kf6 36. Kg3 Ke5 37. h4 h6 38. hxg5 hxg5 39. Bg2 f5 40. gxf5 exf5 41.
exf5 Kxf5 42. Kf3 Kg6 43. Ke4 Kf6 44. Kd5 Kf5 45. Kd6 Bb6 46. c7 Bxc7+ 47. Kxc7
Kf4 48. Kb7 Kg3 49. Bc6 g4 50. Kxa7 Kf2 51. b6 g3 52. b7 g2 53. Bxg2 Kxg2 54.
b8=Q {Black resigns} 1-0

[Event "Team 45 45 League T44"]
[Site "Internet Chess Club"]
[Date "2010.03.07"]
[Round "5"]
[White "Leslee52"]
[Black "WannaB"]
[Result "1-0"]
[WhiteElo "1105"]
[BlackElo "935"]
[Opening "Sicilian: closed"]
[ECO "B24"]
[Time "12:01:11"]
[TimeControl "2700+45"]

1. e4 c5 2. Nc3 Nc6 3. g3 g6 4. Bg2 Bg7 5. Nge2 d6 6. d3 Nf6 7. O-O O-O 8. f4 a6
9. a3 Rb8 10. Nd5 Nxd5 11. exd5 Na7 12. a4 b5 13. c3 Bd7 14. Be3 Qc7 15. Qc2
bxa4 16. Rfb1 Bb5 17. c4 Bd7 18. Nc3 e6 19. Nxa4 Bxa4 20. Rxa4 a5 21. Bc1 Bd4+
22. Kh1 e5 23. b3 exf4 24. Bxf4 Be5 25. Bxe5 dxe5 26. Rba1 Rb4 27. Rxa5 Ra8 28.
d6 Qxd6 29. Bxa8 Qd4 30. Rxa7 Rb8 31. Bd5 Rf8 32. Rf1 Qg4 33. Bxf7+ Rxf7 34.
Raxf7 Qc8 35. Qf2 Qc6+ 36. Qf3 Qxf3+ 37. R1xf3 {Black resigns} 1-0

[Event "Team 45 45 League T44"]
[Site "Internet Chess Club"]
[Date "2010.03.04"]
[Round "5"]
[White "Dolphin"]
[Black "zepled37"]
[Result "0-1"]
[WhiteElo "1671"]
[BlackElo "1734"]
[Opening "Sicilian defense"]
[ECO "B40"]
[Time "20:05:48"]
[TimeControl "2700+45"]

1. e4 c5 2. Nf3 e6 3. Nc3 d6 4. Bb5+ Bd7 5. Bxd7+ Qxd7 6. O-O Nc6 7. d3 Nf6 8.
Re1 Be7 9. h3 a6 10. Be3 b5 11. a3 O-O 12. Qd2 Rfd8 13. Rad1 Rac8 14. Kh1 Qb7
15. Nh2 d5 16. exd5 exd5 17. Bg5 Qd7 18. f3 Nh5 19. Bxe7 Nxe7 20. Ng4 Ng3+ 21.
Kg1 Ng6 22. Ne2 Nf5 23. Nf4 d4 24. Nxg6 hxg6 25. Qf4 Re8 26. Kf2 c4 27. Ne5 Qd6
28. g4 Nh4 29. Qxf7+ Kh7 30. Qf4 Nxf3 31. Qxf3 Rf8 32. Nf7 Qc7 33. Kg2 Rxf7 34.
Qe4 cxd3 35. Rxd3 Qxc2+ 36. Re2 Qc1 37. Re1 Qxb2+ 38. Re2 Rc2 39. Rxc2 Qxc2+ 40.
Kg1 Qf2+ 41. Kh1 Qf1+ 42. Kh2 Rf2+ {White resigns} 0-1

[Event "Team 45 45 League T44"]
[Site "Internet Chess Club"]
[Date "2010.03.05"]
[Round "5"]
[White "MaxII"]
[Black "clarinetref"]
[Result "1-0"]
[WhiteElo "1693"]
[BlackElo "1639"]
[Opening "Sicilian: Najdorf, Göteborg (Argentine) variation"]
[ECO "B98"]
[Time "22:04:57"]
[TimeControl "2700+45"]

1. e4 c5 2. Nf3 d6 3. d4 cxd4 4. Nxd4 Nf6 5. Nc3 a6 6. Bg5 e6 7. f4 Be7 8. Qf3
h6 9. Bh4 g5 10. fxg5 Nfd7 11. Qh5 Ne5 12. Bf2 Bxg5 13. h4 Bf6 14. O-O-O Nbc6
15. Be2 Ng6 16. g3 Qc7 17. Rhf1 Nxd4 18. Bxd4 Bxd4 19. Rxd4 Qc5 20. Rfd1 Qe5 21.
Rxd6 Qxg3 22. Rd8+ Ke7 23. Qc5+ Kf6 24. Rxh8 Nxh8 25. Rf1+ Kg7 26. Rg1 Qxg1+ 27.
Qxg1+ Kf8 28. h5 Bd7 29. Qd4 Ke7 30. Qb4+ Kf6 31. Qxb7 Rd8 32. Qxa6 Bc8 33. Qb6
Rd7 34. Nd5+ Kg7 35. Qg1+ {Black resigns} 1-0

[Event "Team 45 45 League T44"]
[Site "Internet Chess Club"]
[Date "2010.03.04"]
[Round "5"]
[White "PostMike"]
[Black "BrerRabbit"]
[Result "1/2-1/2"]
[WhiteElo "1505"]
[BlackElo "1463"]
[Opening "Pirc defense"]
[ECO "B07"]
[Time "14:30:50"]
[TimeControl "2700+45"]

1. e4 d6 2. d4 Nf6 3. Nc3 g6 4. Be3 c6 5. f3 b5 6. g4 h6 7. Qd2 Bg7 8. g5 hxg5
9. Bxg5 Bb7 10. Nge2 Nbd7 11. h4 b4 12. Nd1 a5 13. Nf2 Qc7 14. Rc1 Nb6 15. c4 c5
16. d5 O-O-O 17. Bh3+ Kb8 18. f4 Nh7 19. f5 Nxg5 20. hxg5 Rh4 21. b3 Bc8 22.
fxg6 fxg6 23. Bxc8 Rxh1+ 24. Nxh1 Qxc8 25. Qe3 Rh8 26. Nf2 Rh2 27. Kd2 Be5 28.
Qf3 Qg8 29. Ng4 Rh4 30. Nxe5 dxe5 31. Rf1 Nc8 32. Ke3 Nd6 33. Qf8+ Qxf8 34.
Rxf8+ Kc7 35. Ng3 Rg4 36. Kf3 Rxg5 37. Rg8 Kd7 38. Ra8 Nb7 39. Rb8 Nd6 40. Ra8
Nb7 41. Ra7 Kc8 42. Ra6 Kd7 43. Ra8 Kc7 44. Rg8 Nd6 {Game drawn by mutual
agreement} 1/2-1/2

[Event "Team 45 45 League T44"]
[Site "Internet Chess Club"]
[Date "2010.03.04"]
[Round "5"]
[White "SpeedBlade"]
[Black "tightfist"]
[Result "0-1"]
[WhiteElo "1407"]
[BlackElo "1536"]
[Opening "English, 1...Nf6 (Anglo-Indian defense)"]
[ECO "A15"]
[Time "19:03:51"]
[TimeControl "2700+45"]

1. c4 Nf6 2. g3 c6 3. Bg2 d5 4. cxd5 cxd5 5. Nf3 e6 6. O-O Bc5 7. d4 Be7 8. Nc3
O-O 9. Bg5 Nbd7 10. Rc1 a6 11. Qd3 b5 12. Rc2 Bb7 13. Rfc1 Rc8 14. Ne5 Nh5 15.
Bxe7 Qxe7 16. Nxd7 Qxd7 17. Bf3 Nf6 18. e3 Rc7 19. Ne2 Rc4 20. b3 Rxc2 21. Qxc2
Rc8 22. Qd2 Ne4 23. Bxe4 dxe4 24. Rxc8+ Qxc8 25. Qc1 Qxc1+ 26. Nxc1 b4 27. h4 h5
28. Ne2 g6 29. Kf1 Kg7 30. Ke1 Kf6 31. Kd2 Kf5 32. Ng1 Kg4 33. Ke2 f6 34. Kd2
Bc6 35. Kc2 Bb5 36. Kb2 Bf1 37. a3 a5 38. axb4 axb4 39. Kc2 g5 40. hxg5 fxg5 41.
Kd2 h4 42. gxh4 gxh4 43. Ke1 Bd3 44. Ne2 Bxe2 45. Kxe2 h3 46. Kf1 Kf3 {White
resigns} 0-1